 Dungeon Crawl Stone Soup version 0.23.2-40-g277498a001 (webtiles) character file.

Game seed: 8815282490906720917

180 ANON1729 the Skirmisher (level 5, -6/42 HPs)
             Began as a Mummy Chaos Knight on Oct 20, 2019.
             Was a Plaything of Xom.
             Mangled by an ogre
             ... wielding a +0 giant club
              (19 damage)
             ... on level 4 of the Dungeon.
             The game lasted 00:04:10 (3231 turns).

ANON1729 the Skirmisher (Mummy Chaos Knight)        Turns: 3231, Time: 00:04:12

Health: -6/42      AC:  5    Str: 16    XL:     5   Next: 33%
Magic:  5/5        EV: 16    Int: 12    God:    Xom [.*....]
Gold:   158        SH:  0    Dex: 11    Spells: 4/4 levels left

rFire    x . .     SeeInvis .   a - +0 spear (chaos)
rCold    + . .     Gourm    .   (no shield)
rNeg     + + +     Faith    .   b - +2 leather armour
rPois    ∞         Spirit   .   (no helmet)
rElec    .         Reflect  .   (no cloak)
rCorr    .         Harm     .   (no gloves)
MR       .....                  (no boots)
Stlth    +.........             (no amulet)
HPRegen  0.14/turn              k - +4 ring of evasion
MPRegen  0.09/turn              (no ring)

@: no status effects
A: no food or potions, fire vulnerability, cold resistance 1, negative energy
resistance 3, torment resistance, unbreathing
a: Renounce Religion


You were on level 4 of the Dungeon.
You worshipped Xom.
You were a plaything of Xom.
You were not hungry.

You visited 1 branch of the dungeon, and saw 4 of its levels.

You collected 158 gold pieces.

Inventory:

Hand Weapons
 a - a +0 spear of chaos (weapon)
 c - a +1 vampiric dagger
Armour
 b - a +2 leather armour (worn)
Jewellery
 k - a +4 ring of evasion (left hand)
Wands
 h - a wand of paralysis (6)
 n - a wand of polymorph (8)
Scrolls
 d - a scroll of magic mapping {unknown}
 e - 3 scrolls of teleportation
 f - 4 scrolls of remove curse
 g - 2 scrolls of enchant weapon
 i - a scroll of enchant armour {unknown}
 j - a scroll of noise {unknown}
 l - a scroll of identify
 m - a scroll of fog {unknown}


   Skills:
 + Level 3.9 Fighting
 + Level 3.2 Polearms
 + Level 2.6 Armour
 + Level 2.2 Dodging


You had 4 spell levels left.
You didn't know any spells.
Your spell library was empty.

Dungeon Overview and Level Annotations

Branches:
Dungeon (4/15)
 Temple: D:4-7

Altars:
Gozag
Kikubaaqudgha
Zin

Annotations:
D:3 1 runed translucent door, DroneFragger's ghost, amateur DsFi


Innate Abilities, Weirdness & Mutations

You do not eat or drink.
Your flesh is vulnerable to fire.
You are immune to poison.
Your flesh is cold resistant. (rC+)
You are immune to negative energy. (rN+++)
You are immune to unholy pain and torment.
You can survive without breathing.


Message History

There is a stone staircase leading up here.
Xom makes a sudden noise!
You hear a piteous moan.
You hear an angry hiss.
The frilled lizard barely misses you.
You climb upwards.
Level annotation: 1 runed translucent door, DroneFragger's ghost, amateur DsFi
There is a stone staircase leading down here.
You puncture the frilled lizard! You burn the frilled lizard.
You kill the frilled lizard!
The wolf howls!
The wolf pauses to sniff the ground.
There is a stone staircase leading down here.
You climb downwards.
A frilled lizard and a worker ant come into view.
The frilled lizard hisses angrily.
The worker ant twitches its antennae in your direction.
The worker ant closely misses you.
The ogre hits you with a +0 giant club!!
You die...
Xom thinks this is hilarious!

..............######.#
.. #.........##.....#
...##..........#.....#.
...............+.......
...............#......#
.......................
..#...................#
. #...........O........
###........l.@....#..
+.......#'#...a......
##....###'#.....#....
.....................
......................
......................
...........##.#####..
.........##.....+..
.........#######+


You could see an ogre, a worker ant and a frilled lizard.

Vanquished Creatures
  An orc wizard (D:3)
  4 gnolls (D:3)
  3 adders
  An adder skeleton (D:4)
  A dart slug (D:3)
  A leopard gecko (D:1)
  7 orcs (D:3)
  9 bats
  7 giant cockroaches
  3 goblins
  5 hobgoblins
  10 jackals (D:3)
  7 kobolds
  A quokka (D:3)
  3 frilled lizards (D:3)
  5 rats
68 creatures vanquished.

Vanquished Creatures (others)
  An orc (D:3)
1 creature vanquished.

Grand Total: 69 creatures vanquished

Notes
Turn   | Place    | Note
-------+----------+-------------------------------------------
     0 | D:1      | ANON1729 the Mummy Chaos Knight began the quest for the
                  | Orb.
     0 | D:1      | Reached XP level 1. HP: 18/18 MP: 1/1
     1 | D:1      | Noticed a merfolk zombie
    16 | D:1      | Noticed a merfolk zombie
    16 | D:1      | Noticed a merfolk zombie
    20 | D:1      | Noticed a merfolk zombie
   203 | D:1      | Reached skill level 1 in Dodging
   304 | D:1      | Reached XP level 2. HP: 24/24 MP: 2/2
  1163 | D:1      | XOM: harmless Chrm miscast
  1249 | D:2      | Found an ancient bone altar of Kikubaaqudgha.
  1249 | D:2      | Noticed a human
  1419 | D:2      | Reached XP level 3. HP: 29/29 MP: 3/3
  1692 | D:2      | XOM: scenery: 1 doors open, 1 doors close
  1742 | D:2      | XOM: harmless Hex miscast
  1747 | D:2      | XOM: harmless Erth miscast
  1977 | D:2      | XOM is BORED!
  1977 | D:2      | XOM: medium Ice miscast
  2142 | D:3      | Reached XP level 4. HP: 35/35 MP: 4/4
  2186 | D:3      | Found a runed translucent door.
  2187 | D:3      | Noticed DroneFragger's ghost (amateur DsFi)
  2260 | D:3      | XOM: harmless Air miscast
  2481 | D:3      | Found a glowing silver altar of Zin.
  2481 | D:3      | Found an opulent altar of Gozag.
  2527 | D:3      | XOM: fog
  2558 | D:3      | Reached XP level 5. HP: 38/42 MP: 5/5
  2615 | D:3      | Noticed a wolf
  2615 | D:3      | a hound changed into a wolf
  2622 | D:3      | HP: 2/42 [wolf (1)]
  2725 | D:3      | XOM: summons 3 hostile shadow creatures
  3197 | D:4      | Noticed an ogre
  3210 | D:4      | XOM: harmless Necr miscast
  3223 | D:4      | XOM: noise
  3231 | D:4      | Mangled by an ogre

Skill      XL: |  1  2  3  4 |
---------------+-------------+-----
Dodging        | 1 2 |  2.2
Armour         | 2 |  2.6
Polearms       | 3 |  3.2
Fighting       | |  3.9

Action                   |  1- 3 |  4- 6 || total
-------------------------+-------+-------++-------
Melee: Spear             |   114 |   148 ||   262
  Use: Scroll            |     3 |     1 ||     4
 Stab: Sleeping          |     1 |     1 ||     2
       Paralysed         |       |     5 ||     5
       Petrifying        |       |     1 ||     1
Armor: Leather armour    |    40 |    30 ||    70
Dodge: Dodged            |    81 |    99 ||   180
